 Dungeon Crawl Stone Soup version 0.26-a0-611-g354ed81502 (webtiles) character file.

Game seed: 4593820082581768779

205 MrRokkomies the Sneak (level 5, 0/36 HPs)
             Began as an Octopode Brigand on Sept 7, 2020.
             Slain by a hippogriff (8 damage)
             ... on level 4 of the Dungeon.
             The game lasted 00:04:59 (3249 turns).

MrRokkomies the Sneak (Octopode Brigand)            Turns: 3249, Time: 00:05:01

Health: 0/36       AC:  1    Str: 10    XL:     5   Next: 83%
Magic:  5/5        EV: 13    Int: 15    God:
Gold:   166        SH:  4    Dex: 13    Spells: 4/4 levels left

rFire    + . .     SeeInvis .   m - +1 dagger (drain)
rCold    + . .     Faith    .   f - +0 buckler
rNeg     . . .     Spirit   .   (helmet restricted)
rPois    .         Reflect  .   (no amulet)
rElec    .         Harm     .   k - ring of protection from cold
rCorr    .         Rnd*Tele +   o - ring of teleportation (curse)
MR       .....                  e - ring of attention (curse)
Stlth    +++.......             (no ring)
HPRegen  0.12/turn              (no ring)
MPRegen  0.09/turn              (no ring)
                                (no ring)
                                (no ring)

@: no status effects
A: almost no armour, stealthy swim, amphibious, 8 rings, constrict 8, beak,
camouflage 1, fire resistance 1, gelatinous body 1
a: no special abilities


You were on level 4 of the Dungeon.
You visited 1 branch of the dungeon, and saw 4 of its levels.

You collected 166 gold pieces.

Inventory:

Hand Weapons
 a - a +2 dagger
 m - a +1 dagger of draining (weapon)
Missiles
 b - 24 poisoned darts (quivered)
 c - a curare-tipped dart
 i - 106 stones
Armour
 f - a +0 buckler (worn)
Jewellery
 d - an uncursed ring of fire
 e - a cursed ring of attention (on tentacle)
 k - a ring of protection from cold (left tentacle)
 n - an uncursed ring of fire
 o - a cursed ring of teleportation (right tentacle)
Scrolls
 l - 2 scrolls of blinking
 q - a scroll of enchant weapon
Potions
 h - 2 potions of might
 j - a potion of stabbing
 p - 2 potions of magic
 r - a potion of ambrosia {unknown}


   Skills:
 + Level 2.9 Fighting
 * Level 3.6 Short Blades
 + Level 2.9 Throwing
 - Level 1.4 Dodging
 - Level 5.3 Stealth
 * Level 2.7 Shields


You had 4 spell levels left.
You didn't know any spells.
Your spell library contained the following spells:

 Spells                   Type           Power        Failure   Level
 Confusing Touch          Hex            #.......     67%         3
 Gell's Gravitas          Tloc           #.........   67%         3
 Petrify                  Tmut/Erth      #.......     97%         4
 Metabolic Englaciation   Hex/Ice        #.........   100%        5
 Yara's Violent Unravell  Hex/Tmut       #.........   100%        5


Dungeon Overview and Level Annotations

Branches:
Dungeon (4/15)
 Temple: D:4-7

Altars:
Yredelemnul


Innate Abilities, Weirdness & Mutations

You cannot wear most types of armour.
You are very stealthy in the water. (Stealth+)
You are amphibious.
You can wear up to eight rings at the same time.
You can use your tentacles to constrict eight enemies at once.
Your skin changes colour to match your surroundings (Stealth+).
Your rubbery body absorbs attacks. (AC +1, EV +1)
You have a beak for a mouth.
Your flesh is heat resistant. (rF+)


Message History

Press: ? - help, Shift-Dir - straight line, f/p - hippogriff
Aim: a hippogriff (heavily wounded, extremely poisoned, slow)
You throw a poisoned dart. The poisoned dart hits the hippogriff.
The hippogriff looks as sick as possible!
The hippogriff is heavily wounded.
Unknown command.
Throwing (i - inventory. (/) - cycle)
b - 25 poisoned darts (quivered)
Press: ? - help, Shift-Dir - straight line, f/p - hippogriff
Aim: a hippogriff (heavily wounded, extremely poisoned, slow)
You throw a poisoned dart. The poisoned dart hits the hippogriff.
The hippogriff is heavily wounded.
Unknown command.
You closely miss the hippogriff.
The hippogriff is heavily wounded.
The hippogriff bites you.
* * * LOW HITPOINT WARNING * * *
The hippogriff pecks you.
* * * LOW HITPOINT WARNING * * *
The hippogriff claws you!
You die...

### #@# #H#
#(# #(#
######.####
#......<(.#
#.....)...#
#.........#
#.........#


You could see a hippogriff (extremely poisoned, slow).

Vanquished Creatures
  An ogre (D:4)
  3 adders (D:2)
  An ooze (D:1)
  3 worms
  A dart slug (D:1)
  4 leopard geckos
  7 orcs (D:3)
  8 bats
  4 giant cockroaches
  5 goblins
  9 hobgoblins
  7 jackals
  10 frilled lizards
  5 kobolds
  5 rats
  A spectral orc (D:3)
74 creatures vanquished.

Notes
Turn   | Place    | Note
-------+----------+-------------------------------------------
     0 | D:1      | MrRokkomies the Octopode Brigand began the quest for the
                  | Orb.
     0 | D:1      | Reached XP level 1. HP: 14/14 MP: 1/1
   145 | D:1      | Reached XP level 2. HP: 19/19 MP: 2/2
   838 | D:1      | Reached XP level 3. HP: 19/24 MP: 3/3
  1081 | D:1      | Reached skill level 1 in Shields
  1431 | D:2      | Reached XP level 4. HP: 26/30 MP: 4/4
  1762 | D:2      | You fall into a shaft and drop 2 floors!
  1762 | D:4      | Noticed an ogre
  1946 | D:3      | Gained mutation: You have a beak for a mouth. [potion of
                  | mutation]
  1946 | D:3      | Gained mutation: Your flesh is heat resistant. (rF+)
                  | [potion of mutation]
  2307 | D:3      | Found a basalt altar of Yredelemnul.
  2560 | D:4      | Killed an ogre
  2560 | D:4      | Reached XP level 5. HP: 21/36 MP: 5/5
  2560 | D:4      | Noticed a hippogriff
  3249 | D:4      | Slain by a hippogriff

Illustrated notes

Levels and vault maps discovered:
D:1:      wheals_arrival_shading, layout_rooms
D:2:      layout_basic
D:3:      layout_basic, yredelemnul_forgotten_temple_becter
D:4:      layout_basic, nicolae_ru_path_of_blood, old_standard_altar,
          minmay_temple_entry_statues_pillars, serial_shops, shop,
          chequers_serial_rivers_large_a

Skill      XL: |  1  2  3  4 |
---------------+-------------+-----
Shields        | 1 2 |  2.7
Short Blades   | 3 |  3.6
Fighting       | |  2.9
Throwing       | |  2.9
Dodging        | |  1.4
Stealth        | |  5.3

Action                   |  1- 3 |  4- 6 || total
-------------------------+-------+-------++-------
Melee: Dagger            |    79 |    87 ||   166
       Constrict         |    17 |    16 ||    33
       Tentacles         |    11 |    13 ||    24
       Peck              |       |     5 ||     5
Throw: Dart              |       |    28 ||    28
  Use: Scroll            |     1 |     6 ||     7
       Potion            |       |     3 ||     3
 Stab: Sleeping          |     9 |     2 ||    11
Armor: Skin              |    11 |       ||    11
Dodge: Dodged            |    48 |    64 ||   112
Block: Buckler           |    16 |    13 ||    29

Table legend: (Time is in decaauts)
 A = Elapsed time spent in this place.
 B = Non-inter-level travel time spent in this place.
 C = Inter-level travel time spent in this place.
 D = Time resting spent in this place.
 E = Time spent auto-exploring this place.
 F = Levels seen in this place.
 G = Mean time per level.
                   A        B        C        D        E       F      G
               +--------+--------+--------+--------+--------+-----+--------+
         Total |   3225 |   3112 |    113 |    211 |   2418 |   4 |  806.2 |
       Dungeon |   3225 |   3112 |    113 |    211 |   2418 |   4 |  806.2 |
               +--------+--------+--------+--------+--------+-----+--------+

Top non-repeatable levels by time:
     D:1: 1363 daAuts
     D:3: 939 daAuts
     D:2: 894 daAuts
     D:4: 28 daAuts
